 Dungeon Crawl Stone Soup version 0.29.1-14-g9c671dbff4 (webtiles) character file.

Game seed: 18104108997417722572

36758 Peloso the Cleaver (level 13, -7/117 HPs)
             Began as a Minotaur Fighter on Feb 17, 2023.
             Was the Champion of Okawaru.
             Mangled by an orc knight
             ... wielding a +0 great mace
              (23 damage)
             ... on level 2 of the Orcish Mines.
             The game lasted 00:30:14 (16269 turns).

Peloso the Cleaver (Minotaur Fighter)              Turns: 16269, Time: 00:30:14

Health: -7/117     AC: 21    Str: 23    XL:     13   Next: 54%
Magic:  12/12      EV: 12    Int: 11    God:    Okawaru [******]
Gold:   1161       SH:  6    Dex: 13    Spells: 12/12 levels left

rFire   . . .      SeeInvis .   c - +8 war axe of the Cursing Badger {vorpal, rCorr Int+3}
rCold   . . .      Faith    .   d - +0 buckler
rNeg    . . .      Spirit   .   j - +2 plate armour {Will+}
rPois   .          Reflect  .   G - +2 hat {Int+3}
rElec   .          Harm     .   (no cloak)
rCorr   +          Rampage  .   t - +0 pair of gloves
Will    +....                   (no boots)
Stlth   ..........              y - amulet of regeneration
HPRegen 1.09/turn               h - ring of flight
MPRegen 0.13/turn               A - +4 ring of evasion

@: flying
A: horns 2, retaliatory headbutt
a: Renounce Religion, Heroism, Finesse, Duel


You were on level 2 of the Orcish Mines.
You worshipped Okawaru.
Okawaru was exalted by your worship.
You visited 4 branches of the dungeon, and saw 17 of its levels.
You also visited: Bailey.

You collected 1479 gold pieces.
You spent 318 gold pieces at shops.

Inventory:

Hand Weapons
 a - the +7 falchion of Slow Death {protect, rPois SInv Stlth+}
   (Okawaru gifted it to you on level 1 of the Lair of Beasts)

   It grants its wielder temporary protection when it strikes (+7 to AC).
   rPois:     It protects you from poison.
   SInv:      It lets you see invisible.
   Stlth:     It makes you more stealthy.
 b - a +4 scimitar of flaming
 c - the +8 war axe of the Cursing Badger (weapon) {vorpal, rCorr Int+3}
   (You found it on level 6 of the Dungeon)

   It inflicts extra damage upon your enemies.
   Int:       It affects your intelligence (+3).
   rCorr:     It protects you from acid and corrosion.
Missiles
 F - 4 throwing nets (quivered)
Armour
 d - a +0 buckler (worn)
 j - a +2 plate armour of willpower (worn)
 t - a +0 pair of gloves (worn)
 w - a +1 plate armour of poison resistance
 G - a +2 hat of intelligence (worn)
 O - the +0 pair of gloves "Oscho Kilir" {rF+ rN+ Will- MP+9}
   (You bought it in a shop on level 11 of the Dungeon)

   rF:        It protects you from fire.
   rN:        It protects you from negative energy.
   MP:        It affects your magic capacity (+9).
   Will:      It decreases your willpower.
Jewellery
 h - a ring of flight (left hand)
 q - a ring of fire
 v - an amulet of guardian spirit
 y - an amulet of regeneration (around neck)
 A - a +4 ring of evasion (right hand)
 K - a ring of magical power
 M - an amulet of reflection
 Q - a ring of ice
Wands
 i - a wand of paralysis (11)
 s - a wand of flame (17)
 I - a wand of roots (2)
Scrolls
 f - 4 scrolls of enchant weapon
 k - 3 scrolls of identify
 n - 2 scrolls of poison
 p - a scroll of enchant armour
 r - 2 scrolls of amnesia
 u - 8 scrolls of teleportation
 x - 3 scrolls of blinking
 D - 2 scrolls of fear
 J - 2 scrolls of butterflies
 L - 3 scrolls of brand weapon
Potions
 e - 3 potions of curing
 g - 4 potions of might
 l - 2 potions of mutation
 m - 2 potions of ambrosia
 o - 2 potions of cancellation
 z - 2 potions of berserk rage
 B - 2 potions of magic
 C - a potion of experience
 E - 4 potions of brilliance
 H - 3 potions of degeneration
 N - a potion of heal wounds
 P - a potion of haste


   Skills:
 + Level 11.7 Fighting
 + Level 12.6 Long Blades
 + Level 14.6 Axes
 + Level 13.8 Armour
 + Level 3.5 Dodging
 + Level 2.5 Stealth
 + Level 10.5 Shields
 + Level 0.8 Invocations
 + Level 0.3 Evocations


You had 12 spell levels left.
You didn't know any spells.
Your spell library contained the following spells:

 Spells                   Type           Power      Damage    Failure   Level
 Necrotise                Necr           0%         1d4       99%         1
 Sandblast                Erth           0%         2d4       99%         1
 Blink                    Tloc           0%         N/A       99%         2
 Ensorcelled Hibernation  Hex/Ice        0%         N/A       99%         2
 Passwall                 Tmut/Erth      0%         N/A       99%         2
 Frozen Ramparts          Ice            0%         1d1       100%        3
 Ignite Poison            Fire/Tmut/Pois 0%         N/A       100%        3
 Lesser Beckoning         Tloc           0%         N/A       100%        3
 Mephitic Cloud           Conj/Pois/Air  0%         N/A       100%        3
 Spider Form              Tmut/Pois      0%         N/A       100%        3
 Stone Arrow              Conj/Erth      0%         3d7       100%        3
 Swiftness                Air            0%         N/A       100%        3
 Vampiric Draining        Necr           0%         2d6       100%        3
 Anguish                  Hex/Necr       0%         N/A       100%        4
 Corpse Rot               Necr/Pois/Air  0%         N/A       100%        4
 Dispel Undead            Necr           0%         3d6       100%        4
 Ice Form                 Ice/Tmut       0%         N/A       100%        4
 Agony                    Necr           0%         N/A       100%        5
 Freezing Cloud           Conj/Ice/Air   0%         6-21      100%        5
 Manifold Assault         Tloc           0%         N/A       100%        5
 Summon Ice Beast         Ice/Summ       Unusable   N/A       N/A         4
 Death Channel            Necr           Unusable   N/A       N/A         6

Dungeon Overview and Level Annotations

Branches:
Dungeon (12/15)            Temple (1/1) D:6            Lair (2/5) D:8
  Snake (0/4) Lair:2          Orc (2/2) D:11         Bailey (visited)
  Swamp: Lair:2-3    Shoals: Lair:2-3       Elf: Orc:2

Altars:
Ashenzari
Cheibriados
Dithmenos
Gozag
Hepliaklqana
Kikubaaqudgha
Makhleb
Nemelex Xobeh
Okawaru
Qazlal
Ru
Sif Muna
Trog
Uskayaw
Vehumet
Wu Jian
Yredelemnul
Zin
The Shining One

Shops:
D:8 =   D:11 (:!([   D:12 :

Annotations:
D:10 4 runed translucent doors
Orc:1 4 transporters


Innate Abilities, Weirdness & Mutations

You have a pair of horns on your head.
You reflexively headbutt those who attack you in melee.


Message History

The orc knight is lightly wounded.
You hit the orc warrior. You slash the orc warrior!
The orc warrior hits you with a +0 glaive!!
The orc knight hits you with a +0 great mace!!
* * * LOW HITPOINT WARNING * * *
You block the orc's attack.
You slash the orc knight! Your headbutt misses the orc knight.
The orc knight is moderately wounded.
You hit the orc warrior. x2; The orc closely misses you.
The orc warrior barely misses you. You block the orc knight's attack.
The orc warrior barely misses you.
Unknown command.
You slash the orc knight!
The orc knight is heavily wounded.
You hit the orc warrior. You closely miss the orc warrior.
The orc no longer looks unusually strong.
The orc warrior hits you with a +0 short sword!
* * * LOW HITPOINT WARNING * * *
The orc warrior barely misses you. You furiously retaliate!
You headbutt the orc warrior!
The orc knight roars a battlecry!
The orc goes into a battle-frenzy!
The orc hits you from afar with a +0 trident!
* * * LOW HITPOINT WARNING * * *
An orc comes into view. It is wielding a +0 flail.
The orc shouts!
The orc warrior attacks as you move away!
The orc warrior hits you with a +0 glaive.
* * * LOW HITPOINT WARNING * * *
The orc knight attacks as you move away!
You block the orc knight's attack.
The orc warrior no longer looks unusually strong.
The orc warrior completely misses you.
The orc knight roars a battlecry!
The orc warrior goes into a battle-frenzy!
Things that are here:
a +0 hand axe; a +0 ring mail The orc knight attacks as you move away!
The orc knight hits you with a +0 great mace!!
You die...

#..........##
#..8...8.....
###.oooho....#
o..hooooh....# #.
#o# # #. #)# .#
#####.###.###..##
........o........
..^....@.........
..............###
.......<......#
...............#
...............#
...#............#
..........#......
#................
..............#.


You could see an orc knight (strong).

Vanquished Creatures
  Gastronok (D:10)
  Snorg (D:12)
  3 hydras
  2 boulder beetles
  An ogre mage (Orc:1)
  Erica (D:10)
  A centaur warrior (D:8)
  6 two-headed ogres
  An orc high priest (Orc:1)
  A deep elf pyromancer (D:12)
  An ugly thing (D:12)
  2 cyclopes (D:11)
  A manticore (D:10)
  6 black mambas
  Joseph (D:7)
  5 cane toads
  A torpor snail (Lair:1)
  4 komodo dragons
  3 kobold demonologists (D:9)
  Maggie (D:10)
  3 trolls
  Grinder (D:6)
  A polar bear (Lair:2)
  A merfolk (D:9)
  3 blink frogs (Lair:2)
  3 slime creatures (D:12)
  Sigmund (D:5)
  26 yaks
  6 wyverns
  2 wraiths
  2 basilisks
  3 vampire mosquitoes (D:12)
  3 steam dragons
  A warg (Orc:1)
  Edmund (D:6)
  An acid dragon (D:12)
  9 water moccasins
  A sky beast (D:6)
  18 orc warriors
  2 black bears
  5 ice beasts
  5 ogres (Orc:1)
  12 wolves
  23 centaurs
  A gnoll sergeant (D:11)
  3 kobold brigands
  4 scorpions
  8 bullfrogs
  A necrophage (D:5)
  5 wights (D:9)
  4 killer bees
  5 howler monkeys
  An electric eel (Lair:2)
  3 jellies
  5 hounds
  10 orc priests
  An iguana (D:6)
  3 gnoll boudas
  12 orc wizards
  25 gnolls
  6 adders
  3 white imps
  2 worms
  2 dart slugs (D:1)
  67 orcs
  7 ball pythons
  5 endoplasms
  6 giant cockroaches
  17 goblins
  7 hobgoblins
  7 jackals (D:1)
  4 quokkas
  5 bats
  5 frilled lizards
  15 kobolds
  4 rats (D:1)
429 creatures vanquished.

Vanquished Creatures (others)
  A dart slug (D:5)
  10 fungi
  10 plants
21 creatures vanquished.

Grand Total: 450 creatures vanquished

Notes
Turn   | Place    | Note
-------+----------+-------------------------------------------
     0 | D:1      | Peloso the Minotaur Fighter began the quest for the Orb.
     0 | D:1      | Reached XP level 1. HP: 19/19 MP: 0/0
   136 | D:1      | Reached XP level 2. HP: 23/27 MP: 1/1
   426 | D:1      | Reached XP level 3. HP: 20/33 MP: 2/2
  1398 | D:2      | Reached XP level 4. HP: 25/40 MP: 3/3
  1720 | D:2      | Reached skill level 1 in Dodging
  2441 | D:3      | Reached XP level 5. HP: 47/47 MP: 4/4
  3398 | D:4      | Reached skill level 5 in Long Blades
  3677 | D:4      | Reached skill level 5 in Armour
  3677 | D:4      | Reached XP level 6. HP: 48/53 MP: 5/5
  3964 | D:5      | Entered Level 5 of the Dungeon
  4053 | D:5      | Noticed a steam dragon
  4066 | D:5      | Killed a steam dragon
  4246 | D:5      | Noticed Sigmund
  4256 | D:5      | Killed Sigmund
  4257 | D:5      | Reached XP level 7. HP: 59/60 MP: 6/6
  4583 | D:5      | Reached skill level 5 in Shields
  4746 | D:5      | Reached skill level 5 in Fighting
  4773 | D:5      | Found a shadowy altar of Dithmenos.
  4783 | D:5      | Reached skill level 1 in Stealth
  5227 | D:6      | Reached XP level 8. HP: 58/68 MP: 7/7
  5463 | D:6      | Noticed Grinder
  5471 | D:6      | Paralysed by Grinder for 4 turns
  5487 | D:6      | Paralysed by Grinder for 5 turns
  5532 | D:6      | Killed Grinder
  5919 | D:6      | Found a staircase to the Ecumenical Temple.
  5991 | Temple   | Entered the Ecumenical Temple
  6282 | Temple   | Became a worshipper of Warmaster Okawaru
  6342 | D:6      | Identified the +8 war axe of the Cursing Badger {vorpal,
                  | rCorr Int+3}
  7169 | D:6      | Reached XP level 9. HP: 78/78 MP: 8/8
  7267 | D:6      | Noticed Edmund
  7280 | D:6      | Killed Edmund
  7438 | D:7      | Noticed Joseph
  7443 | D:7      | Reached skill level 1 in Axes
  7450 | D:6      | Reached * piety under Okawaru
  7757 | D:7      | Killed Joseph
  7758 | D:7      | Reached skill level 2 in Axes
  7957 | D:7      | Reached skill level 3 in Axes
  8219 | D:7      | Reached skill level 4 in Axes
  8691 | D:7      | Reached skill level 5 in Axes
  8696 | D:7      | Reached ** piety under Okawaru
  8730 | D:8      | Reached skill level 6 in Axes
  8736 | D:8      | Reached XP level 10. HP: 49/86 MP: 9/9
  8738 | D:8      | Reached skill level 10 in Armour
  8754 | D:8      | Reached skill level 7 in Axes
  8754 | D:8      | Found a staircase to the Lair.
  8803 | D:8      | Reached *** piety under Okawaru
  8963 | D:8      | Found Myqopih's Jewellery Shop.
  9100 | D:8      | Reached skill level 8 in Axes
  9118 | D:8      | Noticed a centaur warrior
  9131 | D:8      | Killed a centaur warrior
  9131 | D:8      | Reached **** piety under Okawaru
  9134 | D:8      | Reached skill level 9 in Axes
  9268 | D:8      | Found a sacrificial altar of Ru.
  9601 | D:9      | Reached skill level 10 in Axes
  9641 | D:9      | Found a flagged portal.
  9651 | Bailey   | Entered a bailey
  9763 | Bailey   | Reached ***** piety under Okawaru
  9783 | Bailey   | Reached XP level 11. HP: 74/95 MP: 10/10
  9912 | Bailey   | Received a gift from Okawaru
 10084 | Bailey   | Reached skill level 11 in Axes
 10735 | D:9      | Identified the +3 broad axe "Luapn" {vorpal, +Blink rF+
                  | rCorr Int-5} (Okawaru gifted it to you on level 9 of the
                  | Dungeon)
 10735 | D:9      | Received a gift from Okawaru
 10755 | D:10     | Entered Level 10 of the Dungeon
 10755 | D:10     | Noticed Maggie
 10757 | D:10     | Noticed a soul eater
 10870 | D:10     | Noticed Gastronok
 10991 | D:10     | HP: 4/96 [Gastronok/the air (35)]
 10994 | D:10     | Killed Maggie
 11055 | D:10     | Killed Gastronok
 11056 | D:10     | Reached skill level 12 in Axes
 11152 | D:10     | Found a runed translucent door.
 11167 | D:10     | Noticed Erica
 11168 | D:10     | Found a runed translucent door.
 11178 | D:10     | Killed Erica
 11205 | D:10     | Found a runed translucent door.
 11221 | D:10     | Found a runed translucent door.
 11800 | Lair:1   | Entered Level 1 of the Lair of Beasts
 11946 | Lair:1   | Reached skill level 13 in Axes
 12153 | Lair:1   | Reached XP level 12. HP: 103/105 MP: 11/11
 12284 | Lair:1   | Identified the +7 falchion of Slow Death {protect, rPois
                  | SInv Stlth+} (Okawaru gifted it to you on level 1 of the
                  | Lair of Beasts)
 12284 | Lair:1   | Received a gift from Okawaru
 12755 | Lair:2   | Reached skill level 10 in Long Blades
 12856 | Lair:2   | HP: 5/106 [black mamba (10)]
 12865 | Lair:2   | Reached ****** piety under Okawaru
 12883 | Lair:2   | Reached skill level 10 in Fighting
 13302 | Lair:2   | Found a staircase to the Snake Pit.
 13789 | D:11     | Noticed a two-headed ogre
 13799 | D:11     | Killed a two-headed ogre
 13807 | D:11     | Found Kaedd's Book Boutique.
 13897 | D:11     | Found a staircase to the Orcish Mines.
 13923 | D:11     | Found Deucausch's Distillery.
 13933 | D:11     | Bought a potion of degeneration for 14 gold pieces
 13953 | D:11     | Found Teymupiw's Weapon Shoppe.
 14018 | D:11     | Found Iwextocu's Antique Weapon Shop.
 14028 | D:11     | Noticed a boulder beetle
 14087 | D:11     | Identified the +2 robe of Fresh Music {rF+ Str-5 Int+3}
                  | (Okawaru gifted it to you on level 11 of the Dungeon)
 14087 | D:11     | Received a gift from Okawaru
 14088 | D:11     | Killed a boulder beetle
 14105 | D:11     | Noticed a two-headed ogre
 14110 | D:11     | Killed a two-headed ogre
 14111 | D:11     | Reached skill level 10 in Shields
 14206 | D:11     | Noticed an eight-headed hydra
 14226 | D:11     | Killed a five-headed hydra
 14227 | D:11     | Reached XP level 13. HP: 100/115 MP: 9/12
 14326 | D:11     | Found Qahulu's Antique Armour Shop.
 14344 | D:11     | Bought a pair of heavily runed gloves for 304 gold pieces
 14344 | D:11     | Identified the +0 pair of gloves "Oscho Kilir" {rF+ rN+
                  | Will- MP+9} (You bought it in a shop on level 11 of the
                  | Dungeon)
 14737 | D:12     | Noticed Snorg
 14749 | D:12     | Killed Snorg
 14820 | D:12     | Reached skill level 14 in Axes
 15410 | D:12     | Found Quiwyruj's Vocational Training.
 15630 | Orc:1    | Entered Level 1 of the Orcish Mines
 15864 | Orc:1    | Received a gift from Okawaru
 15964 | Orc:1    | Found an ornate altar of the Wu Jian Council.
 15974 | Orc:1    | Found a transporter.
 16077 | Orc:1    | Found a transporter.
 16097 | Orc:1    | Found a transporter.
 16098 | Orc:1    | Found an ornate altar of the Wu Jian Council.
 16098 | Orc:1    | Noticed an orc warlord
 16130 | Orc:1    | Found a transporter.
 16249 | Orc:2    | Entered Level 2 of the Orcish Mines
 16269 | Orc:2    | Mangled by an orc knight

Illustrated notes

Levels and vault maps discovered:
D:1:      shiori_arrival_oz, layout_rooms, minmay_tetromino_o4
D:2:      layout_loops_corners, minivault_4, minivault_5, st_stairs_10
D:3:      cheibrodos_greedy_goblins, layout_rooms, serial_rivers,
          chequers_serial_rivers_room_b, chequers_serial_rivers_small_3,
          chequers_serial_rivers_small_a, chequers_serial_rivers_micro_e,
          dreamdust_princess_bridge
D:4:      layout_basic
D:5:      layout_rooms, nicolae_dithmenos_through_a_glass_darkly, uniq_sigmund
D:6:      layout_gridville, minmay_temple_entry_glassed_door, uniq_edmund,
          uniq_grinder
D:7:      layout_loops_ring, grunt_decor_arrowhead, uniq_joseph
D:8:      minmay_slanted_spiral_squares, layout_rooms, hangedman_ru_absence,
          minmay_lair_entry_grove, serial_shops, nicolae_shop_statue_plus
D:9:      layout_basic, enter_bailey_2, hangedman_fish_farm
D:10:     layout_small_grid, nrook_uturn, minmay_statue_crystal_thing,
          uniq_gastronok, uniq_erica, uniq_maggie
D:11:     kennysheep_big_flooded_room, layout_stronghold, orc_0_dummy,
          serial_shops, nicolae_shop_waterfront, shop,
          nicolae_shop_temple_entry_statues_fountains, shop, kennysheep_mini
D:12:     layout_long_grid, minivault_20, nicolae_shop_vocational, uniq_snorg
Temple:   mainiacjoe_temple_cubbyholes
Lair:1:   layout_regular_city
Lair:2:   wander_river, layout_gridlike, minmay_snake_entry_six_corridors
Orc:1:    dreamdust_wu_jian_sword_trials, layout_caves, mines2_lemuel
Orc:2:    st_orc_town, layout_caves, nicolae_orc_crystal_geode

Skill      XL: |  1  2  3  4  5  6  7  8  9 10 11 12 13 |
---------------+----------------------------------------+-----
Shields        | 4 5 6 7 8 9 10 | 10.5
Fighting       | 4 5 6 7 8 9 10 11 | 11.7
Armour         | 4 5 7 8 9 10 12 13 | 13.8
Long Blades    | 3 4 5 6 7 8 12 | 12.6
Dodging        | 1 3 |  3.5
Stealth        | 1 2 |  2.5
Axes           | 6 10 13 14 | 14.6
Invocations    | |  0.8
Evocations     | |  0.3

Action                   |  1- 3 |  4- 6 |  7- 9 | 10-12 | 13-15 || total
-------------------------+-------+-------+-------+-------+-------++-------
Melee: Long sword        |   108 |   146 |   170 |       |       ||   424
       Headbutt          |    17 |    22 |    46 |   151 |    43 ||   279
       War axe           |       |       |    91 |   285 |   100 ||   476
       Scimitar          |       |       |       |    92 |    42 ||   134
       Dagger            |       |       |       |    11 |       ||    11
       Falchion          |       |       |       |   220 |    44 ||   264
Invok: Heroism           |       |       |       |     5 |     2 ||     7
Evoke: Wand              |       |       |     4 |       |       ||     4
  Use: Potion            |     3 |     2 |       |     5 |       ||    10
       Scroll            |     2 |     7 |     5 |     4 |     3 ||    21
 Stab: Paralysed         |       |       |     5 |       |       ||     5
Armor: Scale mail        |    73 |    23 |       |       |       ||    96
       Plate armour      |       |    63 |   240 |   338 |   105 ||   746
Dodge: Dodged            |    62 |    53 |   119 |   390 |   132 ||   756
Block: Buckler           |    30 |    43 |   100 |   231 |    69 ||   473
